 Dungeon Crawl Stone Soup version 0.20.0-9-g8272e65 (webtiles) character file.

1183 Kosschaser the Shield-Bearer (level 8, -8/48 HPs)
             Began as a Gargoyle Fighter on June 3, 2017.
             Was a Follower of Cheibriados.
             Mangled by a two-headed ogre
             ... wielding a +0 dire flail
              (14 damage)
             ... on level 5 of the Dungeon.
             The game lasted 00:21:05 (4886 turns).

Kosschaser the Shield-Bearer (Gargoyle Fighter)     Turns: 4886, Time: 00:21:06

Health: -8/48      AC: 13    Str: 23    XL:     8   Next: 42%
Magic:  9/17       EV: 16    Int: 12    God:    Cheibriados [*.....]
Gold:   221        SH: 10    Dex: 14    Spells: 7/7 levels left

rFire    . . .     SeeInvis .   x - +0 war axe
rCold    . . .     Gourm    .   c - +0 shield
rNeg     + . .     Faith    .   F - +2 leather armour {MR+}
rPois    ∞         Spirit   .   (no helmet)
rElec    +         Reflect  .   b - +0 cloak
rCorr    .         Harm     .   D - +0 pair of gloves
MR       +....                  (no boots)
Stlth    +.........             (no amulet)
Regen    0.2/turn               s - +5 ring of evasion
MPRegen  0.2/turn               a - ring of magical power

@: very slow
A: negative energy resistance 1, electricity resistance, unbreathing,
petrification resistance, rot immunity, AC +5
a: Bend Time, Renounce Religion


You were on level 5 of the Dungeon.
You worshipped Cheibriados.
Cheibriados was aware of your devotion.
You were very hungry.

You visited 2 branches of the dungeon, and saw 6 of its levels.

You collected 221 gold pieces.

Inventory:

Hand Weapons
 x - a +0 war axe (weapon)
Armour
 b - a +0 cloak (worn)
 c - a +0 shield (worn)
 D - a +0 pair of gloves (worn)
 F - a +2 leather armour of magic resistance (worn)
Jewellery
 a - a ring of magical power (right hand)
 s - a +5 ring of evasion (left hand)
Wands
 r - a wand of lightning (2/15)
 z - a wand of flame (8/48)
Scrolls
 e - a scroll of amnesia {unknown}
 g - a scroll of immolation {unknown}
 i - 3 scrolls of remove curse {unknown}
 k - a scroll of teleportation {unknown}
 n - a scroll of noise {unknown}
 q - 2 scrolls of enchant armour {unknown}
 t - 2 scrolls of fog {unknown}
 w - 3 scrolls of recharging {unknown}
 y - 7 scrolls of identify {unknown}
 A - a scroll of random uselessness {unknown}
Potions
 d - 2 potions of might
 j - a potion of heal wounds {unknown}
 m - 2 potions of mutation {unknown}
 p - 3 potions of lignification {unknown}
 u - a potion of ambrosia {unknown}
 v - a potion of resistance
 E - a potion of haste {unknown}
Comestibles
 f - 3 bread rations
 h - a fruit
 B - a meat ration


   Skills:
 + Level 4.9 Fighting
 + Level 5.0(5.5) Axes
   Level 3.7(5.2) Maces & Flails
 + Level 4.3 Armour
 * Level 3.3 Dodging
 + Level 5.1 Shields
 + Level 1.3 Invocations


You had 7 spell levels left.
You didn't know any spells.

Dungeon Overview and Level Annotations

Branches:
Dungeon (5/15)             Temple (1/1) D:4

Altars:
Ashenzari
Cheibriados
Fedhas
Gozag
Hepliaklqana
Makhleb
Nemelex Xobeh
Okawaru
Qazlal
Trog
Uskayaw
Vehumet
Xom


Innate Abilities, Weirdness & Mutations

You are resistant to torment.
Your stone body is resilient. (AC +5)
You are immune to poison.
You resist negative energy. (rN+)
You are resistant to electric shocks. (rElec)
You can survive without breathing.
You are immune to petrification.
You are immune to rotting.


Message History

The flow of time bends around you.
The two-headed ogre easily resists.
You feel slightly more hungry.
The two-headed ogre hits you with a dire flail!!
* * * LOW HITPOINT WARNING * * *
The two-headed ogre misses you. You block the two-headed ogre's attack.
The two-headed ogre misses you.
Okay, then.
Evoke which item? (* to show all) (? for menu, Esc to quit)
Aiming: Lightning Bolt (will waste charges)
Press: ? - help, Shift-Dir - straight line You hear a mighty clap of thunder!
The bolt of lightning hits the two-headed ogre.
The two-headed ogre is moderately wounded.
The bolt of lightning hits the two-headed ogre.
The two-headed ogre is heavily wounded.
Evoking this partially-identified wand wasted a few charges.
You hear a shout!
The two-headed ogre misses you.
The two-headed ogre hits you with a giant club!
You die...

....#### ##...♣♣.....♣♣...##
.......###...♣♣.......♣♣...####
.........#.......[.........#..###
.........#...♣♣.......♣♣...#.....
.........##...♣♣.....♣♣...##.....
..........##...♣♣...♣♣...##.....#
...........##...♣♣♣♣♣...##.......
........[...##..)♣♣♣...##........
...>.........##.@.♣...##......###
........#.....##O....##......##
..............###...##......##
..............# ##'##..(..###
###....._8_...# #...######
.#..##........# ##..#
.##.###......## #..# .#..#
##.....# #..## ## .##.# #.....#
#.).# ###.


You could see a two-headed ogre.

Vanquished Creatures
  Edmund (D:5)
  Duvessa (D:5)
  A sky beast (D:5)
  An ogre (D:5)
  Dowan (D:5)
  2 vampire bats (D:5)
  A howler monkey (D:5)
  4 crimson imps (D:5)
  A bullfrog zombie (D:5)
  A jelly (D:5)
  An orc priest (D:4)
  A hound (D:4)
  A bullfrog skeleton (D:5)
  An iguana (D:5)
  An orc wizard (D:4)
  4 worker ants
  A howler monkey zombie (D:5)
  4 adders
  A howler monkey skeleton (D:5)
  A shadow imp (D:3)
  3 oozes (D:1)
  4 worms (D:2)
  2 dart slugs (D:1)
  6 leopard geckos
  8 orcs
  7 giant cockroaches
  4 goblins (D:3)
  5 hobgoblins
  11 jackals
  4 quokkas
  14 bats
  6 frilled lizards
  A jackal skeleton (D:5)
  10 kobolds
  9 rats
124 creatures vanquished.

Notes
Turn   | Place    | Note
-------+----------+-------------------------------------------
     0 | D:1      | Kosschaser the Gargoyle Fighter began the quest for the Orb.
     0 | D:1      | Reached XP level 1. HP: 14/14 MP: 1/1
    96 | D:1      | Reached XP level 2. HP: 13/19 MP: 2/2
   304 | D:1      | Reached XP level 3. HP: 21/24 MP: 3/3
   834 | D:2      | HP: 1/24 [worm (6)]
  1128 | D:2      | Reached XP level 4. HP: 29/29 MP: 4/4
  1463 | D:2      | You fall through a shaft!
  1826 | D:3      | Reached XP level 5. HP: 27/33 MP: 5/5
  1998 | D:3      | Reached skill level 1 in Dodging
  2411 | D:4      | Found a staircase to the Ecumenical Temple.
  2443 | Temple   | Entered the Ecumenical Temple
  2454 | Temple   | Became a worshipper of Cheibriados the Contemplative
  2763 | D:4      | Reached XP level 6. HP: 38/38 MP: 6/6
  2944 | D:4      | Reached skill level 1 in Axes
  2978 | D:4      | HP: 1/38 [jackal (2)]
  3608 | D:5      | Entered Level 5 of the Dungeon
  3638 | D:5      | Noticed Edmund
  3661 | D:5      | Killed Edmund
  3661 | D:5      | Reached XP level 7. HP: 8/44 MP: 4/7
  4293 | D:5      | Found a shattered altar of Ashenzari.
  4313 | D:5      | Reached skill level 1 in Invocations
  4526 | D:5      | Noticed Duvessa
  4527 | D:5      | Noticed Dowan
  4538 | D:5      | Killed Duvessa
  4549 | D:5      | Killed Dowan
  4549 | D:5      | Reached XP level 8. HP: 27/48 MP: 6/8
  4680 | D:5      | Found a hazy altar of Hepliaklqana.
  4680 | D:5      | Found an opulent altar of Gozag.
  4687 | D:5      | Reached * piety under Cheibriados
  4729 | D:5      | Reached skill level 5 in Shields
  4832 | D:5      | Reached skill level 5 in Axes
  4849 | D:5      | Noticed a two-headed ogre
  4886 | D:5      | Mangled by a two-headed ogre

Skill      XL: |  1  2  3  4  5  6  7  8 |
---------------+-------------------------+-----
Shields        | 4 5 |  5.1
Maces & Flails | 3 |  3.7
Fighting       | 4 |  4.9
Armour         | 4 |  4.3
Dodging        | 1 2 3 |  3.3
Axes           | 2 4 5 |  5.0
Invocations    | 1 |  1.3

Action                   |  1- 3 |  4- 6 |  7- 9 || total
-------------------------+-------+-------+-------++-------
Melee: Flail             |   142 |   147 |       ||   289
       War axe           |       |   127 |   135 ||   262
Invok: Bend Time         |       |     2 |     6 ||     8
Evoke: Wand              |       |       |     1 ||     1
  Use: Potion            |       |     1 |       ||     1
  Eat: Chunk             |       |     9 |     3 ||    12
       Royal jelly       |       |       |     1 ||     1
Armor: Scale mail        |    83 |   140 |       ||   223
       Leather armour    |       |     6 |    61 ||    67
Dodge: Dodged            |    45 |   121 |   135 ||   301
Block: Shield            |    94 |   160 |    92 ||   346
